AoeStats
← 國父孫中山

Oasis

509645834Analyzed
4v4 RM · 3d ago on Sep 27, 2026· 49m 11s· 8 players
Game mode
Random Map
Map size
Large (8 player)
Population
200
Speed
Normal
Resources
Standard
Victory
Conquest
Starting age
Dark Age
Ending age
Imperial Age
RankedLock teamsTeams togetherTeam positionsShared explorationLock speedFull tech treeHidden civsTurbo modeCheats
Victory
Defeat
🇩🇪 Italians · Germany
1083
+17
🇨🇳 Italians · China
1071
+18
🇨🇳 Turks · China
1071
+18
🇩🇪 Khitans · Germany
1031
+20
1186
-21
🇹🇼 Burgundians · Taiwan
1132
-19
🇹🇼 Varangians · Taiwan
1131
-19
🇦🇷 Burmese · Argentina
1000
-14
tortodde
3:12 Loom
10:14 Feudal Age
11:12 Double-Bit Axe
12:06 Horse Collar
16:39 Castle Age
18:49 Bow Saw
18:41 Heavy Plow
23:38 Gold Mining
25:22 Stone Mining
30:20 Imperial Age
28:25 Ballistics
32:02 Chemistry
31:15 Pirotechnia
31:26 Conscription
32:39 Two-Man Saw
32:31 Crop Rotation
32:11 Scale Mail Armor
32:21 Forging
33:14 Wheelbarrow
32:26 Town Watch
34:23 Chain Mail Armor
34:44 Iron Casting
34:50 Hand Cart
34:38 Town Patrol
37:04 Plate Mail Armor
37:34 Blast Furnace
Blijadmann
7:25 Loom
10:14 Feudal Age
11:53 Double-Bit Axe
18:29 Castle Age
16:46 Gold Mining
18:22 Forging
22:23 Iron Casting
24:15 Husbandry
25:02 Bow Saw
24:42 Domestication
25:50 Pastoralism
27:28 Stone Mining
34:53 Scale Barding Armor
36:24 Chain Barding Armor
44:47 Imperial Age
44:48 Elite Steppe Lancer
46:38 Plate Barding Armor
49:38 Wheelbarrow
蒙古铁骑
12:53 Feudal Age
13:39 Double-Bit Axe
13:47 Gold Mining
16:34 Castle Age
17:17 Loom
21:53 Imperial Age
21:06 Bow Saw
23:11 Gold Shaft Mining
29:13 Horse Collar
30:58 Wheelbarrow
35:07 Hand Cart
37:17 Town Watch
39:58 Scale Barding Armor
40:04 Forging
40:06 Heavy Plow
41:09 Two-Man Saw
40:02 Stone Mining
40:39 Town Patrol
41:14 Husbandry
41:24 Bloodlines
42:38 Bombard Tower
41:59 Treadmill Crane
43:22 Chain Barding Armor
43:37 Iron Casting
48:16 Plate Barding Armor
48:42 Blast Furnace
justdoing
5:31 Loom
12:07 Feudal Age
16:47 Castle Age
14:46 Double-Bit Axe
23:04 Bow Saw
25:22 Fletching
27:04 Bodkin Arrow
30:40 Padded Archer Armor
33:21 Gold Mining
38:29 Imperial Age
36:37 Wheelbarrow
37:12 Horse Collar
38:42 Leather Archer Armor
39:16 Bracer
40:27 Ballistics
41:08 Chemistry
40:32 Ballistics
44:18 Hand Cart
43:49 Town Watch
44:27 Conscription
47:06 Thumb Ring
48:07 Town Patrol
48:27 Leather Archer Armor
48:18 Scale Barding Armor
國父孫中山
4:40 Loom
6:13 Double-Bit Axe
7:46 Horse Collar
12:12 Feudal Age
16:49 Castle Age
15:27 Bow Saw
15:41 Heavy Plow
19:30 Two-Man Saw
19:41 Wheelbarrow
20:16 Crop Rotation
27:53 Hand Cart
27:31 Gold Mining
27:50 Scale Barding Armor
27:49 Husbandry
27:14 Cavalier
28:30 Forging
28:31 Burgundian Vineyards
29:11 Cavalier
30:48 Chain Barding Armor
31:04 Iron Casting
34:41 Husbandry
37:06 Husbandry
50:02 Imperial Age
雪科第五中學
0:29 Loom
9:36 Feudal Age
25:18 Castle Age
24:11 Stone Mining
24:14 Gold Mining
27:34 Fortified Wall
31:49 Wheelbarrow
36:52 Horse Collar
37:42 Heavy Plow
觀陣圖~掌兵勢~將相之才
10:55 Feudal Age
11:58 Double-Bit Axe
14:48 Castle Age
15:52 Squires
15:47 Loom
21:34 Wheelbarrow
22:29 Town Watch
22:56 Bow Saw
25:21 Hand Cart
27:04 Fletching
27:18 Padded Archer Armor
34:11 Elite Skirmisher
38:29 Fletching
39:47 Bodkin Arrow
44:44 Stone Mining
44:45 Gold Mining
47:05 Horse Collar
47:47 Heavy Plow
48:32 Ballistics
48:02 Guard Tower
48:09 Murder Holes
Duncan
4:03 Loom
11:32 Feudal Age
16:49 Castle Age
14:40 Double-Bit Axe
14:37 Horse Collar
15:10 Gold Mining
17:45 Bow Saw
23:28 Stone Mining
26:12 Scale Barding Armor
26:37 Heavy Plow
29:15 Stone Shaft Mining
28:57 Husbandry
29:07 Bloodlines
29:22 Forging
29:12 Fletching
32:20 Wheelbarrow
31:30 Town Watch
31:29 Pikeman
32:10 Squires
34:49 Imperial Age
32:21 Town Patrol
32:44 Chain Barding Armor
33:22 Iron Casting
32:36 Arson
35:03 Padded Archer Armor
34:58 Bodkin Arrow
34:36 Vendel Legacy
34:54 Elite Skirmisher
35:08 Cavalier
36:19 Conscription
37:53 Chemistry
36:31 Gothikon
37:55 Leather Archer Armor
37:59 Bracer
38:46 Hand Cart
41:07 Plate Barding Armor
41:32 Blast Furnace
40:26 Halberdier
42:02 Ring Archer Armor
41:15 Treadmill Crane
41:31 Murder Holes
42:45 Caravan
42:47 Elite Varangian Guard
43:50 Scale Mail Armor
43:37 Gambesons
46:33 Chain Mail Armor
Connection lost

Rejoining the realm…

Still unreachable

The connection could not be restored.

Session expired

The server has moved on; the page needs a fresh start.